 Dungeon Crawl Stone Soup version 0.32-a0-530-gb6d6f0d0ac (webtiles) character file.

Game seed: 8231576086842049092

1639972 EnegeticOcto the Merry Kobold (level 27, 199/199 HPs)
             Began as a Kobold Hunter on Feb 27, 2024.
             Was an Initiate of Gozag.
             Escaped with the Orb
             ... and 3 runes on Feb 28, 2024!
             The game lasted 01:28:39 (69107 turns).

EnegeticOcto the Merry Kobold (Kobold Hunter)      Turns: 69107, Time: 01:28:39

Health: 199/199    AC: 16    Str: 11    XL:     27
Magic:  56/56      EV: 62    Int: 14    God:    Gozag
Gold:   20608      SH:  0    Dex: 41    Spells: 56/65 levels left

rFire   + + .        b - +27 heavy crossbow "Sniper" {heavy, Acc+∞ SInv}
rCold   + . .        (shield currently unavailable)
rNeg    . . .        O - +4 robe of the Saviour {+Blink Archmagi}
rPois   +            Q - +3 hat of Pondering {ponderous, Will+ MP+10 Int+5}
rElec   +            A - +2 cloak {rC+}
rCorr   +            C - +0 pair of gloves of Sunlight {rElec rF++ Will+ rCorr}
SInv    +            L - +2 pair of boots
Will    ++++.        i - amulet of guardian spirit
Stlth   +++          h - ring "Xieceo Heobe" {Fly Str+3 Int-4 Dex+5}
HPRegen 0.53/turn    m - ring of Osytzi {rPois Dex+6}
MPRegen 0.35/turn

%: random rage (3%), guardian spirit, archmagi
@: gold aura, flying, studying 2 skills, slow
A: small, no large weapons, nightstalker 3, berserk 1, screaming 1, inability to
drink after injury 1
0: Orb of Zot
}: 3/15 runes: serpentine, barnacled, silver
a: Renounce Religion, Evoke Blink, Potion Petition, Call Merchant, Bribe Branch


You escaped.
You worshipped Gozag.
Gozag was extremely pleased with you.
You visited 9 branches of the dungeon, and saw 47 of its levels.
You also visited: Bailey, Gauntlet, Ice Cave and Volcano.

You collected 31275 gold pieces.
You spent 4590 gold pieces at shops.
You paid 6077 gold pieces to Gozag.

Inventory:

Hand Weapons
 a - the +9 falchion of Honour {freeze, *Slow +Blink rC++ Int-4}
   (You found it on level 15 of the Dungeon)

   Int-4:     It affects your intelligence (-4).
   rC++:      It greatly protects you from cold.
   +Blink:    It lets you blink.
   *Slow:     It may slow you when you take damage.
 b - the +27 heavy crossbow "Sniper" (weapon) {heavy, Acc+∞ SInv}
   (You found it in a Gauntlet)

   Acc+∞: It never misses its target.
   SInv:      It lets you see invisible.
 s - the +8 mithril axe "Arga" {speed, Will+}
   (You found it on level 1 of the Vaults)

   Will+:     It increases your willpower.
 N - a +0 morningstar of distortion
   (You took it off a wight on level 9 of the Dungeon)
Missiles
 w - 20 throwing nets {!f}
Armour
 A - a +2 cloak of cold resistance (worn)
   (You found it in an ice cave)
 C - the +0 pair of gloves of Sunlight (worn) {rElec rF++ Will+ rCorr}
   (You bought it in a shop on level 2 of the Orcish Mines)

   rF++:      It greatly protects you from fire.
   rElec:     It insulates you from electricity.
   Will+:     It increases your willpower.
   rCorr:     It protects you from acid and corrosion.
 L - a +2 pair of boots (worn)
   (You found it on level 9 of the Dungeon)
 O - the +4 robe of the Saviour (worn) {+Blink Archmagi}
   (You took it off Boris on level 4 of the Vaults)

   +Blink:    It lets you blink.
   Archmagi:  It increases the power of your magical spells.
 Q - the +3 hat of Pondering (worn) {ponderous, Will+ MP+10 Int+5}
   (You took it off Gastronok on level 2 of the Lair of Beasts)

   Int+5:     It affects your intelligence (+5).
   Will+:     It increases your willpower.
   MP+10:     It affects your magic capacity (+10).
Jewellery
 c - a ring of positive energy
   (You found it on level 7 of the Dungeon)
 h - the ring "Xieceo Heobe" (left hand) {Fly Str+3 Int-4 Dex+5}
   (You found it in a Gauntlet)

   [ring of flight]

   Str+3:     It affects your strength (+3).
   Int-4:     It affects your intelligence (-4).
   Dex+5:     It affects your dexterity (+5).
   Fly:       It grants you flight.
 i - an amulet of guardian spirit (around neck)
   (You found it on level 9 of the Dungeon)
 m - the ring of Osytzi (right hand) {rPois Dex+6}
   (You bought it in a shop on level 1 of the Elven Halls)

   [ring of dexterity]

   Dex+6:     It affects your dexterity (+6).
   rPois:     It protects you from poison
 P - the ring of Elitism {Fly rF+ Int+6}
   (You found it on level 9 of the Dungeon)

   [ring of intelligence]

   Int+6:     It affects your intelligence (+6).
   rF+:       It protects you from fire.
   Fly:       It grants you flight.
 R - a ring of magical power
   (You found it on level 3 of the Depths)
Wands
 n - a wand of warping (47)
   (You found it on level 3 of the Lair of Beasts)
 F - a wand of flame (23) {@v4}
   (You found it on level 7 of the Dungeon)
 G - a wand of paralysis (40)
   (You found it on level 7 of the Dungeon)
 M - a wand of polymorph (20)
   (You found it on level 4 of the Shoals)
 W - a wand of quicksilver (10) {@v1}
   (You found it on level 1 of the Lair of Beasts)
 Z - a wand of digging (25) {@v3}
   (You found it on level 5 of the Lair of Beasts)
Scrolls
 d - 11 scrolls of blinking {@r4}
 e - 2 scrolls of revelation {@r5 !r}
 f - 8 scrolls of immolation
 j - 6 scrolls of vulnerability
 l - 14 scrolls of fear {!r}
 o - 2 scrolls of silence {!r}
 q - 12 scrolls of poison {!r}
 t - 3 scrolls of summoning {!r}
 u - 23 scrolls of teleportation {@r3 !r}
 v - a scroll of butterflies {!r}
 y - 3 scrolls of enchant armour
 B - 5 scrolls of fog {!r}
 Y - 3 scrolls of enchant weapon
Potions
 g - 12 potions of heal wounds {@q2 !q}
 k - 6 potions of attraction
 p - 7 potions of brilliance
 x - 7 potions of resistance
 z - 27 potions of curing {@q1 !q}
 D - 9 potions of lignification {@q6}
 E - 4 potions of berserk rage
 H - 8 potions of haste {@q4 !q}
 I - 10 potions of mutation
 J - 6 potions of invisibility
 K - 10 potions of enlightenment
 T - 8 potions of might {@q3 !q}
 U - 2 potions of magic
 V - 2 potions of ambrosia
 X - 7 potions of cancellation
Miscellaneous
 r - a condenser vane
   (You found it in a Gauntlet)
 S - a phial of floods
   (You found it in a Gauntlet)


   Skills:
 O Level 27 Fighting
 O Level 27 Ranged Weapons
 - Level 4.0 Armour
 O Level 27 Dodging
 - Level 12.0 Stealth
 + Level 19.7 Spellcasting
 - Level 8.0 Translocations
 - Level 10.0 Evocations


You had 56 spell levels left.
You knew the following spells:

 Your Spells              Type           Power      Damage    Failure   Level
a - Apportation           Tloc           100%       N/A       1%          1
c - Ozocubu's Armour      Ice            20%        N/A       12%         3
V - Swiftness             Air            20%        N/A       12%         3
Y - Blink                 Tloc           100%       N/A       1%          2

Your spell library contained the following spells:

 Spells                   Type           Power      Damage    Failure   Level
 Lesser Beckoning         Tloc           100%       N/A       1%          2
 Momentum Strike          Conj/Tloc      74%        3d10      1%          2
 Volatile Blastmotes      Fire/Tloc      74%        2d16      2%          3
 Foxfire                  Conj/Fire      80%        2x1d8     3%          1
 Necrotise                Necr           80%        1d8       3%          1
 Sandblast                Erth           40%        2d10      3%          1
 Shock                    Conj/Air       80%        1d8       3%          1
 Sting                    Conj/Alch      80%        1d8       3%          1
 Summon Small Mammal      Summ           80%        N/A       3%          1
 Cigotuvi's Dreadful Rot  Necr/Alch/Air  40%        N/A       6%          2
 Jinxbite                 Hex            40%        N/A       6%          2
 Scorch                   Fire           40%        2d6       6%          2
 Sublimation of Blood     Necr           20%        N/A       6%          2
 Call Canine Familiar     Summ           20%        N/A       12%         3
 Dazzling Flash           Conj/Hex       40%        N/A       12%         3
 Frozen Ramparts          Ice            40%        1d7       12%         3
 Hailstorm                Conj/Ice       20%        3d7       12%         3
 Inner Flame              Hex/Fire       20%        N/A       12%         3
 Passwall                 Erth           20%        N/A       12%         3
 Stone Arrow              Conj/Erth      40%        3d9       12%         3
 Summon Ice Beast         Ice/Summ       20%        N/A       12%         3
 Vampiric Draining        Necr           20%        2d7       12%         3
 Summon Forest            Summ/Tloc      18%        N/A       21%         5
 Airstrike                Air            10%        2d(2-18)  36%         4
 Anguish                  Hex/Necr       10%        N/A       36%         4
 Animate Armour           Summ/Erth      40%        N/A       36%         4
 Brom's Barrelling Bould  Conj/Erth      20%        2d4       36%         4
 Cause Fear               Hex            10%        N/A       36%         4
 Dispel Undead            Necr           20%        3d11      36%         4
 Flame Wave               Conj/Fire      20%        2d7       36%         4
 Fulminant Prism          Conj/Alch      10%        3d8       36%         4
 Ignite Poison            Fire/Alch      20%        N/A       36%         4
 Leda's Liquefaction      Alch/Erth      10%        N/A       36%         4
 Martyr's Knell           Necr/Summ      20%        N/A       36%         4
 Olgreb's Toxic Radiance  Alch           20%        N/A       36%         4
 Petrify                  Alch/Erth      20%        N/A       36%         4
 Summon Blazeheart Golem  Fire/Summ      20%        N/A       36%         4
 Summon Lightning Spire   Summ/Air       20%        N/A       36%         4
 Alistair's Intoxication  Alch           13%        N/A       71%         5
 Curse of Agony           Necr           20%        N/A       71%         5
 Fireball                 Conj/Fire      10%        3d6       71%         5
 Freezing Cloud           Conj/Ice/Air   10%        6-21      71%         5
 Irradiate                Conj/Alch      10%        3d15      71%         5
 Lee's Rapid Deconstruct  Erth           10%        3d8*      71%         5
 Metabolic Englaciation   Hex/Ice        10%        N/A       71%         5
 Death Channel            Necr           10%        N/A       99%         6
 Eringya's Noxious Bog    Alch           10%        4d6       99%         6
 Plasma Beam              Fire/Air       10%        2x1d21    99%         6
 Sculpt Simulacrum        Ice/Alch       10%        N/A       99%         6
 Starburst                Conj/Fire      10%        6d5       99%         6
 Summon Cactus Giant      Summ           10%        N/A       99%         6
 Malign Gateway           Summ/Tloc      18%        N/A       99%         7
 Enfeeble                 Hex            10%        N/A       100%        7
 Haunt                    Necr/Summ      10%        N/A       100%        7
 Ozocubu's Refrigeration  Ice            10%        4d9       100%        7
 Spellforged Servitor     Conj/Summ      10%        N/A       100%        7
 Summon Hydra             Summ           10%        N/A       100%        7
 Borgnjor's Revivificati  Necr           10%        N/A       100%        8
 Discord                  Hex            10%        N/A       100%        8
 Ignition                 Fire           10%        3d5       100%        8
 Infestation              Necr           10%        N/A       100%        8
 Maxwell's Capacitive Co  Air            10%        ∞         100%        8
 Summon Horrible Things   Summ           10%        N/A       100%        8
 Chain Lightning          Conj/Air       10%        3d13      100%        9
 Dragon's Call            Summ           10%        N/A       100%        9
 Fire Storm               Conj/Fire      10%        8d3       100%        9
 Shatter                  Erth           10%        3d11*     100%        9
 Animate Dead             Necr           Unusable   N/A       N/A         4

Dungeon Overview and Level Annotations

Branches:
Dungeon (15/15)            Temple (0/1) D:5            Lair (5/5) D:10
 Shoals (4/4) Lair:2        Snake (4/4) Lair:2        Slime (0/5) Lair:5
    Orc (2/2) D:10            Elf (3/3) Orc:2        Vaults (5/5) D:14
  Crypt (0/3) Vaults:3     Depths (4/4) D:15            Zot (5/5) Depths:4
 Bailey (visited)           IceCv (visited)         Volcano (visited)
Gauntlet (visited)

Altars:
Gozag
Hepliaklqana
Kikubaaqudgha
Nemelex Xobeh
Trog
Vehumet
Xom
Zin
Beogh

Shops:
D:5 =?=:   D:6 *   D:10 *   D:11 *[   D:15 !   Orc:1 *   Orc:2 [(=*   Elf:1 ==:
Elf:3 !   Shoals:3 *   Shoals:4 (   Snake:4 *!?=   Vaults:1 ?   Vaults:3 (
Vaults:4 (

Portals:
Hell: Depths:1 Depths:2 Depths:3 Depths:4
Abyss: Depths:3 Depths:4
Pandemonium: Depths:2
Ziggurat: Depths:3

Annotations:
D:15 3 runed translucent doors, exclusion: 3 doors, Viceroy's ghost, journeyman DrSh
Elf:2 3 runed translucent doors, exclusion: 3 doors
Elf:3 3 runed translucent doors, exclusion: obsidian statue
Depths:4 3 runed translucent doors, exclusion: 3 doors, Hulu's ghost, veteran GrEE


Innate Abilities, Weirdness & Mutations

You are small and have problems with some larger weapons.
You are completely attuned to the shadows.
You sometimes lose your temper in combat.
You occasionally shout uncontrollably at your foes.
You occasionally lose the ability to drink potions when taking damage.


Message History

You now have 20592 gold pieces (gained 11).
You reach down and open the door.
There is an open door here.
There is an escape hatch in the floor here.
There is a stone staircase leading up here.
You fly upwards.
There is a stone staircase leading down here.
There is an open door here.
There is an open door, spattered with blood here.
Items here: ))) [[.
There is a stone staircase leading up here.
You fly upwards.
There is a stone staircase leading down here.
There is a stone staircase leading up here.
You fly upwards.
There is a stone staircase leading down here.
You see here 8 stones.
There is a stone staircase leading up here.
You fly upwards.
There is a stone staircase leading down here.
There is a stone staircase leading up, spattered with blood here.
You see here a scroll of amnesia.
You fly upwards.
There is a stone staircase leading down here.
A Hell Sentinel comes into view.
Unknown command.
You shoot a bolt.
The bolt hits the Hell Sentinel but does no damage.
You shoot a bolt.
The bolt hits the Hell Sentinel but does no damage.
The Hell Sentinel gestures at you.
The iron shot is repelled.
The Hell Sentinel completely misses you. x2
You shoot a bolt. The bolt hits the Hell Sentinel!!!!
The Hell Sentinel is almost dead.
The Hell Sentinel gestures at you.
The sphere of damnation explodes!
The damnation engulfs you!!
The damnation engulfs the Hell Sentinel.
The Hell Sentinel completely resists.
The Hell Sentinel gestures at you.
The iron shot is repelled.
You shoot a bolt. The bolt hits the Hell Sentinel!!
You kill the Hell Sentinel!
(D) Dungeon (T) Temple (L) Lair (A) Shoals (P) Snake Pit (M) Slime Pits (O) Orcish Mines (E) Elven Halls (V) Vaults (C) Crypt (U) Depths (H) Hell (Z) Zot
Where to? (Tab/Enter - D:1 @ (x,y), ? - help)
You now have 20608 gold pieces (gained 16).
There is an open door here.
There is an open door here.
Magic restored.
There is a stone staircase leading up here.
You fly upwards.
There is a stone staircase leading down here.
There is an open door here.
HP restored.
There is an open door here.
A sixfirhy comes into view.
Unknown command.
Unknown command.
You shoot a bolt. The bolt hits the sixfirhy!!!!
You kill the sixfirhy!
(D) Dungeon (T) Temple (L) Lair (A) Shoals (P) Snake Pit (M) Slime Pits (O) Orcish Mines (E) Elven Halls (V) Vaults (C) Crypt (U) Depths (H) Hell (Z) Zot
Where to? (Tab/Enter - D:1 @ (x,y), ? - help)
You see here a +0 ring mail.
There is a stone staircase leading up here.
You fly upwards.
There is a stone staircase leading down here.
There is a stone staircase leading up here.
You fly upwards.
There is a stone staircase leading down here.
A tormentor comes into view.
Unknown command.
You shoot a bolt. The bolt hits the tormentor!!!!
You kill the tormentor!
(D) Dungeon (T) Temple (L) Lair (A) Shoals (P) Snake Pit (M) Slime Pits (O) Orcish Mines (E) Elven Halls (V) Vaults (C) Crypt (U) Depths (H) Hell (Z) Zot
Where to? (Tab/Enter - D:1 @ (x,y), ? - help)
There is a stone staircase leading up here.
You fly upwards.
There is a stone staircase leading down here.
You see here a rat skeleton.
A glowing orange brain comes into view.
You shoot a bolt.
The bolt hits the glowing orange brain!!!!!
You kill the glowing orange brain!
(D) Dungeon (T) Temple (L) Lair (A) Shoals (P) Snake Pit (M) Slime Pits (O) Orcish Mines (E) Elven Halls (V) Vaults (C) Crypt (U) Depths (H) Hell (Z) Zot
Where to? (Tab/Enter - D:1 @ (x,y), ? - help)
There is a staircase leading out of the dungeon here.
Unknown command.
You have escaped!

............#...#...#......#
#####.#..#...#..#..#...#..##
#.....#..#..#..#..#....#
####......#..#.#.#..#.....#
#......#...#.#.#.#.#...#..###
#.###...##..#.#.#.#..##.....# #.#
#.....##.#...#.##.....#.### #.#
#.......#.....#...........# #.#
#.######...@...######.....## #.#
#.......#.....#.$..........> #.#
#....(##.#...#.##.........##
##.###...##..#.#.#.#..##.......#
#...##..#...#.#[#.#.#...#..#..##
#...##.....#..#.#.#..#....)#..#
..........#..#..#..#..#....#..#
.........#...#..#..#...#..##..#
......#.....#...#...#.........###


There were no monsters in sight!

Vanquished Creatures
  An ancient lich (Zot:5)
  4 orbs of fire
  Mennas (Depths:3)
  A juggernaut (Depths:2)
  Boris (twice) (Vaults:1 Vaults:4)
  3 Killer Klowns
  Vashnia (Snake:4)
  2 curse toes (Zot:5)
  8 golden dragons
  4 electric golems
  7 tentacled monstrosities
  An Ice Fiend (Zot:2)
  Mlioglotl (Snake:3)
  Jorgrun (D:12)
  2 liches
  A Hell Sentinel (D:5)
  The ghost of anansati the Black Belt, an adept DsGl of Ru (Vaults:1)
  3 deep elf master archers (Elf:3)
  17 Orb Guardians (Zot:5)
  5 quicksilver dragons
  A deep elf blademaster (Elf:3)
  2 titans (Vaults:5)
  Frances (D:13)
  5 sphinxes
  2 death cobs
  Agnes (D:15)
  Aizul (Snake:4)
  7 shadow dragons
  9 storm dragons
  9 tengu reavers
  Gastronok (Lair:2)
  Kirke (D:12)
  8 nagarajas
  Donald (Snake:2)
  Roxanne (Elf:2)
  4 daevas
  8 fire giants
  4 iron dragons
  4 draconian monks
  3 draconian shifters
  A protean progenitor (Zot:5)
  7 frost giants
  5 draconian knights
  6 deep elf sorcerers
  17 vault wardens
  A ghost moth (Zot:5)
  2 deep elf elementalists (Elf:3)
  24 ironbound preservers
  2 reapers (Depths:1)
  3 draconian scorchers
  3 angels (Depths:3)
  3 draconian stormcallers
  16 very ugly things
  2 formless jellyfish
  7 orc warlords
  12 stone giants
  A cacodemon (Depths:4)
  3 draconian annihilators
  A vampire knight (Depths:3)
  5 ironbound thunderhulks
  8 green draconians
  7 yellow draconians
  4 deep elf demonologists (Elf:3)
  Nessos (D:13)
  18 dire elephants
  4 deep elf death magi
  5 black draconians
  A minotaur (Gauntlet)
  8 purple draconians
  3 white draconians
  3 war gargoyles
  6 deep elf annihilators (Elf:3)
  4 spark wasps
  3 red draconians
  2 blizzard demons
  9 ettins
  Snorg (Orc:1)
  4 green deaths
  5 merfolk impalers
  5 merfolk javelineers
  Josephine (D:12)
  7 yaktaur captains
  6 deep elf high priests (Elf:3)
  An entropy weaver (shapeshifter) (D:14)
  A rakshasa (Depths:3)
  8 fire dragons
  5 ice dragons
  2 spriggan air magi
  8 great orbs of eyes
  2 salamander tyrants (Snake:4)
  3 ogre magi (D:15)
  3 peacekeepers
  25 vault guards
  4 hydras
  5 ironbound frosthearts
  A hell beast (Depths:1)
  A catoblepas (Lair:5)
  A sphinx zombie (D:15)
  10 anacondas
  11 two-headed ogres
  17 centaur warriors
  A death knight (D:11)
  4 satyrs
  12 dancing weapons
  5 merfolk avatars
  4 boulder beetles
  12 deep troll shamans
  12 death yaks
  7 deep troll earth magi
  2 merfolk aquamancers (Shoals:4)
  7 tengu warriors
  A vampire mage (Depths:1)
  24 naga sharpshooters
  2 orc high priests (Orc:2)
  2 occultists (Depths:3)
  2 spriggan berserkers
  21 naga warriors
  10 hell knights (Depths:3)
  7 shock serpents
  A shock serpent (shapeshifter) (Vaults:5)
  9 deep elf knights
  A sun demon (Depths:1)
  A soul eater (Depths:1)
  3 sixfirhies
  A storm dragon skeleton (Depths:1)
  A salamander mystic (Snake:2)
  7 skeletal warriors (D:15)
  4 skysharks
  A death drake (Zot:5)
  A spark wasp zombie (D:15)
  Amaemon (Lair:3)
  3 iron trolls
  6 naga ritualists
  6 cherubim (Depths:3)
  3 arcanists
  9 sea snakes
  A swamp dragon (shapeshifter) (Elf:1)
  An orb spider (shapeshifter) (Vaults:5)
  A flayed ghost (D:15)
  3 glowing orange brains
  A mana viper (shapeshifter) (Depths:3)
  8 mana vipers
  20 orc knights
  22 ironbound convokers
  60 deep trolls
  9 lindwurms
  15 deep elf archers
  3 harpies
  A shadow dragon zombie (Vaults:4)
  7 necromancers
  Pikel (D:8)
  An obsidian statue (Depths:1)
  3 phantasmal warriors (Vaults:5)
  2 harpies (shapeshifter)
  A thermic dynamo (Elf:3)
  A human zombie (Vaults:4)
  18 ugly things
  9 manticores
  12 deep elf zephyrmancers
  7 orc sorcerers
  32 deep elf pyromancers
  13 salamanders
  13 fauns
  A stone giant zombie (Vaults:5)
  A frost giant zombie (Depths:1)
  3 cyclopes
  An elf skeleton (Vaults:4)
  7 elephants
  A shining eye (shapeshifter) (Depths:4)
  3 meliai (D:13)
  11 moths of wrath
  2 kobold blastminers
  14 vault sentinels
  28 black mambas
  6 water nymphs
  A water nymph (shapeshifter) (Vaults:5)
  10 merfolk sirens
  An ice statue (IceCv)
  2 molten gargoyles (Lair:5)
  3 smoke demons (Depths:1)
  22 naga magi
  16 cane toads
  20 guardian serpents
  9 rime drakes
  2 torpor snails (Lair:5)
  2 kobold demonologists (D:11)
  13 komodo dragons
  A komodo dragon (shapeshifter) (Elf:1)
  An orange demon (Lair:3)
  Jeremiah (D:6)
  2 tormentors
  2 ice devils
  Maggie (D:10)
  11 yaktaurs
  3 tengu conjurers
  2 red devils
  A queen bee (Gauntlet)
  3 polar bears (shapeshifter)
  3 wind drakes
  26 merfolk
  6 trolls
  2 hornets
  14 polar bears
  A hellwing (Depths:1)
  9 snapping turtles
  13 blink frogs
  Prince Ribbit (D:8)
  9 dream sheep
  A blink frog (shapeshifter) (Elf:1)
  A spriggan zombie (Depths:1)
  A jumping spider (shapeshifter) (Elf:1)
  Sigmund (D:3)
  An ettin skeleton (Vaults:4)
  30 slime creatures
  A spriggan (shapeshifter) (Vaults:5)
  14 water elementals
  A shadow (D:11)
  15 wyverns
  8 wraiths
  2 ynoxinuls (Depths:1)
  12 basilisks
  56 yaks
  2 humans (D:12)
  7 fire bats (Volcano)
  4 air elementals
  3 fire elementals
  4 wargs
  3 hogs (D:12)
  2 basilisks (shapeshifter)
  A neqoxec (Depths:1)
  A yak (shapeshifter) (Elf:1)
  5 steam dragons
  6 vampire mosquitoes
  A chaos spawn (Depths:1)
  70 nagas
  A swamp worm (shapeshifter) (Vaults:5)
  3 hell hounds (Lair:5)
  2 acid dragons
  14 water moccasins
  26 orc warriors
  An ice beast (D:8)
  A swamp drake (D:10)
  A black bear (Lair:3)
  2 ogres (shapeshifter) (Elf:1)
  15 ogres
  A wolf (shapeshifter) (D:14)
  9 boggarts
  10 centaurs
  22 wolves
  A crocodile (shapeshifter) (D:15)
  3 lemures (D:8)
  The ghost of topfpfpflanze the Insei, an amateur OpSh (D:3)
  2 kobold brigands
  11 bullfrogs
  10 gnoll sergeants
  5 scorpions
  13 wights
  33 killer bees
  2 howler monkeys
  2 centaur zombies (D:7)
  4 electric eels
  4 lava snakes
  6 hounds
  A jelly (D:8)
  8 gnoll boudas
  17 orc priests
  Jessica (D:3)
  2 sleepcaps
  4 iguanas
  19 orc wizards
  5 hell rats (Lair:5)
  A killer bee zombie (D:7)
  An ogre zombie (D:7)
  A boggart simulacrum (D:15)
  A mummy (D:7)
  24 gnolls
  9 adders
  3 white imps
  4 ufetubi
  A dart slug (D:3)
  62 orcs
  7 ball pythons
  7 endoplasms
  A giant cockroach (D:2)
  5 hobgoblins
  4 jackals (D:1)
  15 kobolds
  3 training dummies (Shoals:4)
  2 bats
  4 frilled lizards
  5 goblins
  2 rats
1909 creatures vanquished.

Vanquished Creatures (collateral kills)
  An orb of fire (Zot:5)
  A Killer Klown (Zot:5)
  2 Orb Guardians (Zot:5)
  A lich (Vaults:5)
  2 death cobs (Zot:5)
  A storm dragon (Vaults:5)
  A red draconian (Zot:5)
  3 vault guards (Vaults:5)
  A hell knight (Vaults:5)
  2 death drakes (Zot:5)
  A deep troll (Vaults:5)
  An ironbound convoker (Vaults:5)
  A human simulacrum (Vaults:5)
18 creatures vanquished.

Vanquished Creatures (others)
  A dread lich (Vaults:5)
  2 ancient liches
  2 tentacled monstrosities
  An Orb Guardian (Zot:5)
  2 titans (Vaults:5)
  2 storm dragons (Vaults:5)
  A fire giant (Vaults:5)
  2 vault wardens (Vaults:5)
  2 ironbound preservers (Vaults:5)
  A stone giant (Vaults:5)
  A war gargoyle (Vaults:5)
  A deep elf annihilator (Vaults:5)
  A deep elf death mage (Elf:3)
  3 ettins (Vaults:5)
  A deep elf high priest (Vaults:5)
  2 yaktaur captains (Vaults:5)
  7 vault guards (Vaults:5)
  A torpor snail (shapeshifter) (Vaults:5)
  A deep troll earth mage (Vaults:5)
  2 deep trolls (Vaults:5)
  A flayed ghost (Vaults:5)
  3 ironbound convokers (Vaults:5)
  A necromancer (Vaults:5)
  An orc knight (Vaults:5)
  3 vault sentinels (Vaults:5)
  2 yaktaurs (Vaults:5)
  A freezing wraith (Vaults:5)
  An orc warrior (Vaults:5)
  A centaur (D:12)
  A human zombie (Vaults:5)
  An orc priest (Vaults:5)
  An orc (Vaults:5)
53 creatures vanquished.

Grand Total: 1980 creatures vanquished

Notes
Turn   | Place    | Note
-------+----------+-------------------------------------------
     0 | D:1      | EnegeticOcto the Kobold Hunter began the quest for the Orb.
     0 | D:1      | Reached XP level 1. HP: 12/12 MP: 1/1
    90 | D:1      | Reached skill level 2 in Stealth
   151 | D:1      | Reached XP level 2. HP: 12/17 MP: 2/2
   160 | D:1      | Reached skill level 3 in Stealth
  1500 | D:2      | Reached XP level 3. HP: 21/21 MP: 3/3
  1599 | D:2      | Noticed a scorpion
  1649 | D:2      | Reached skill level 6 in Ranged Weapons
  1749 | D:2      | Reached skill level 1 in Evocations
  2247 | D:2      | Found a hazy altar of Hepliaklqana.
  2630 | D:3      | Learned a level 2 spell: Blink
  2637 | D:3      | Reached XP level 4. HP: 27/27 MP: 4/4
  2707 | D:3      | Found a runed translucent gate.
  2709 | D:3      | Noticed Jessica
  2711 | D:3      | Found a runed translucent gate.
  2712 | D:3      | Found a runed translucent gate.
  2734 | D:3      | Identified the +0 scale mail of the Shining Light {rC+
                  | Int+4}
  2753 | D:3      | Reached skill level 2 in Evocations
  2854 | D:3      | Noticed Sigmund
  3271 | D:3      | Noticed topfpfpflanze's ghost (amateur OpSh)
  3427 | D:2      | Killed a scorpion
  3428 | D:2      | Reached skill level 3 in Fighting
  3428 | D:2      | Reached skill level 3 in Evocations
  3428 | D:2      | Reached XP level 5. HP: 21/32 MP: 5/5
  3713 | D:4      | Reached skill level 4 in Fighting
  3713 | D:4      | Reached skill level 4 in Evocations
  3713 | D:4      | Reached XP level 6. HP: 38/38 MP: 6/6
  3799 | D:4      | Found a sparkling altar of Nemelex Xobeh.
  4044 | D:4      | Found an opulent altar of Gozag.
  4047 | D:4      | Became a worshipper of Gozag Ym Sagoz the Greedy
  4058 | D:4      | Found a radiant altar of Vehumet.
  4655 | D:5      | Entered Level 5 of the Dungeon
  4911 | D:5      | Reached skill level 7 in Ranged Weapons
  5061 | D:5      | Found a staircase to the Ecumenical Temple.
  5382 | D:5      | Reached XP level 7. HP: 43/43 MP: 7/7
  5514 | D:5      | Reached skill level 8 in Ranged Weapons
  5693 | D:5      | Found Paustuus's Jewellery Boutique.
  5705 | D:5      | Reached skill level 9 in Ranged Weapons
  5716 | D:5      | Found Gucal's Jewellery Boutique.
  5717 | D:5      | Found Xylaek's Magic Scroll Boutique.
  5720 | D:5      | Found Jeazock's Book Boutique.
  5722 | D:5      | Bought a scroll of fog for 52 gold pieces
  5722 | D:5      | Bought a scroll of identify for 26 gold pieces
  5722 | D:5      | Bought a scroll of identify for 26 gold pieces
  5722 | D:5      | Bought a scroll of teleportation for 39 gold pieces
  5734 | D:5      | Bought a scroll of poison for 52 gold pieces
  5734 | D:5      | Bought a scroll of teleportation for 39 gold pieces
  6300 | D:6      | Identified a scroll of acquirement
  6301 | D:6      | Acquired 883 gold pieces
  6344 | D:5      | Bought a +6 ring of dexterity for 432 gold pieces
  6344 | D:5      | Bought a +4 ring of protection for 432 gold pieces
  6519 | D:6      | Reached XP level 8. HP: 44/48 MP: 8/8
  6717 | D:6      | Noticed Jeremiah
  6764 | D:6      | Reached skill level 10 in Ranged Weapons
  6931 | D:6      | Found Foihodaa's Neck Hole.
  7030 | D:6      | Reached skill level 3 in Dodging
  7149 | D:6      | Reached skill level 4 in Stealth
  8788 | D:3      | Killed Jessica
  8827 | D:3      | Killed Sigmund
  8828 | D:3      | Reached skill level 5 in Fighting
  8828 | D:3      | Reached skill level 4 in Dodging
  8828 | D:3      | Reached skill level 5 in Stealth
  8900 | D:3      | Killed topfpfpflanze's ghost
  9144 | D:7      | Reached XP level 9. HP: 54/54 MP: 9/9
  9250 | D:7      | Identified the +4 ring mail "Geavoq" {Str+4}
  9571 | D:7      | Reached skill level 11 in Ranged Weapons
  9571 | D:7      | Reached skill level 6 in Stealth
  9572 | D:7      | Reached skill level 5 in Dodging
  9794 | D:7      | Found a hazy altar of Hepliaklqana.
 10032 | D:8      | Noticed Prince Ribbit
 10035 | D:8      | Killed Prince Ribbit
 10036 | D:8      | Reached skill level 6 in Fighting
 10086 | D:8      | Reached skill level 6 in Dodging
 10345 | D:8      | Reached skill level 7 in Fighting
 10361 | D:8      | Reached skill level 12 in Ranged Weapons
 10502 | D:8      | Noticed Pikel
 10531 | D:8      | Reached XP level 10. HP: 46/63 MP: 10/10
 10546 | D:8      | Reached skill level 7 in Dodging
 10680 | D:8      | Killed Pikel
 11043 | D:8      | Reached skill level 8 in Fighting
 11043 | D:8      | Reached skill level 8 in Dodging
 11055 | D:9      | Reached skill level 13 in Ranged Weapons
 11143 | D:9      | Found a flagged portal.
 11224 | Bailey   | Entered a bailey
 12390 | Bailey   | Reached skill level 5 in Evocations
 12777 | Bailey   | Reached skill level 6 in Evocations
 13002 | Bailey   | Identified the +3 spear of Imminent Death {flame, Fly rF-
                  | Int+3 SInv}
 13030 | Bailey   | Reached skill level 14 in Ranged Weapons
 13180 | Bailey   | Identified the +0 cloak of Orthodoxy {^Drain Str+8}
 13398 | D:9      | Reached XP level 11. HP: 68/68 MP: 11/11
 13796 | D:9      | Identified the ring of Elitism {Fly rF+ Int+6}
 14104 | D:10     | Entered Level 10 of the Dungeon
 14168 | D:10     | Noticed a two-headed ogre
 14179 | D:10     | Killed a two-headed ogre
 14180 | D:10     | Reached skill level 9 in Fighting
 14180 | D:10     | Reached skill level 9 in Dodging
 14210 | D:10     | Found Narir's General Store.
 14217 | D:10     | Bought a potion of heal wounds for 60 gold pieces
 14217 | D:10     | Bought a scroll of identify for 24 gold pieces
 14217 | D:10     | Bought a scroll of blinking for 90 gold pieces
 14427 | D:10     | Found a staircase to the Lair.
 14505 | D:10     | Noticed Maggie
 14507 | D:10     | Killed Maggie
 14546 | D:10     | Found a runed translucent gate.
 14548 | D:10     | Found a runed translucent gate.
 14551 | D:10     | Noticed a death yak
 14696 | D:10     | Found a staircase to the Orcish Mines.
 14757 | D:10     | Reached skill level 15 in Ranged Weapons
 15011 | D:10     | Found a runed translucent gate.
 15011 | D:10     | Noticed a manticore
 15012 | D:10     | Noticed a manticore
 15347 | D:6      | Found Foihodaa's Neck Hole.
 15478 | D:6      | Killed Jeremiah
 16034 | Lair:1   | Entered Level 1 of the Lair of Beasts
 16163 | Lair:1   | Reached skill level 10 in Dodging
 16287 | Lair:1   | Noticed an elephant
 16288 | Lair:1   | Reached skill level 10 in Fighting
 16288 | Lair:1   | Noticed an elephant
 16292 | Lair:1   | Noticed an elephant
 16298 | Lair:1   | Killed an elephant
 16300 | Lair:1   | Killed an elephant
 16301 | Lair:1   | Killed an elephant
 16302 | Lair:1   | Reached XP level 12. HP: 51/78 MP: 12/12
 16477 | Lair:1   | Reached skill level 16 in Ranged Weapons
 16833 | Lair:1   | Reached skill level 11 in Fighting
 16912 | Lair:1   | Found the +18 Lear's hauberk
 17424 | Lair:2   | Reached skill level 17 in Ranged Weapons
 17707 | Lair:2   | Reached skill level 12 in Fighting
 17901 | Lair:2   | Noticed Gastronok
 18060 | Lair:2   | Found a staircase to the Snake Pit.
 18252 | Lair:2   | Killed Gastronok
 18545 | Lair:2   | Reached XP level 13. HP: 87/87 MP: 13/13
 18731 | Lair:2   | Reached skill level 18 in Ranged Weapons
 18731 | Lair:2   | Reached skill level 1 in Spellcasting
 18796 | Lair:2   | Found a staircase to the Shoals.
 18919 | Lair:2   | Reached skill level 13 in Fighting
 18925 | Lair:2   | Reached skill level 2 in Spellcasting
 19218 | Lair:3   | Noticed Amaemon
 19277 | Lair:4   | Found a dark tunnel.
 19299 | Volcano  | Entered a volcano
 19306 | Volcano  | Reached skill level 3 in Spellcasting
 19461 | Volcano  | Reached skill level 4 in Spellcasting
 19884 | Volcano  | Reached skill level 19 in Ranged Weapons
 19897 | Volcano  | Reached skill level 5 in Spellcasting
 20029 | Volcano  | Noticed a fire dragon
 20042 | Volcano  | Killed a fire dragon
 20483 | Lair:3   | Reached skill level 6 in Spellcasting
 20633 | Lair:3   | Killed Amaemon
 21111 | Lair:3   | Reached skill level 7 in Spellcasting
 21196 | Lair:3   | Reached XP level 14. HP: 94/94 MP: 24/24
 21456 | Lair:3   | Reached skill level 20 in Ranged Weapons
 22011 | Lair:4   | Reached skill level 8 in Spellcasting
 22667 | Lair:5   | Entered Level 5 of the Lair of Beasts
 22920 | Lair:5   | Reached skill level 11 in Dodging
 23302 | Lair:5   | Reached skill level 14 in Fighting
 23559 | Lair:5   | Found a staircase to the Slime Pits.
 23815 | Lair:5   | Reached skill level 21 in Ranged Weapons
 23927 | Lair:5   | Reached skill level 12 in Dodging
 23933 | Lair:5   | Reached XP level 15. HP: 101/101 MP: 27/27
 24221 | Lair:5   | Found a large runed translucent door.
 24311 | Lair:5   | Found a large runed translucent door.
 25139 | D:11     | Found Luoc's Antique Armour Emporium.
 25144 | D:11     | Bought a transparent leather armour for 175 gold pieces
 25144 | D:11     | Identified the +3 leather armour "Ashroduff" {^Contam
                  | Will++ Int+3 Stlth+} (You bought it in a shop on level 11
                  | of the Dungeon)
 25455 | D:11     | Found Seasubbo's Assorted Antiques.
 25460 | D:11     | Bought 2 bubbling sapphire potions for 59 gold pieces
 25864 | D:11     | Found a runed translucent door.
 26010 | D:10     | Reached skill level 1 in Armour
 26501 | D:12     | Noticed Jorgrun
 26578 | Orc:1    | Entered Level 1 of the Orcish Mines
 26578 | Orc:1    | Noticed an orc warlord
 26578 | Orc:1    | Found a frozen archway.
 26596 | D:10     | Killed an orc warlord
 26597 | D:10     | Reached skill level 2 in Armour
 26749 | Orc:1    | Reached skill level 15 in Fighting
 26823 | Orc:1    | Reached skill level 13 in Dodging
 26839 | Orc:1    | Noticed Snorg
 26843 | Orc:1    | Killed Snorg
 26886 | IceCv    | Entered an ice cave
 26925 | IceCv    | Reached skill level 3 in Armour
 27249 | IceCv    | Reached skill level 22 in Ranged Weapons
 27438 | IceCv    | Noticed a frost giant
 27446 | IceCv    | Killed a frost giant
 27447 | IceCv    | Reached skill level 4 in Armour
 27696 | Orc:1    | Found Loteej's Overcharged Wands.
 27997 | Orc:2    | Entered Level 2 of the Orcish Mines
 27997 | Orc:2    | Noticed an orc warlord
 28002 | Orc:2    | Killed an orc warlord
 28080 | Orc:2    | Found a staircase to the Elven Halls.
 28105 | Orc:2    | Reached skill level 14 in Dodging
 28105 | Orc:2    | Reached XP level 16. HP: 100/108 MP: 28/28
 28675 | Orc:2    | Found Beot Aph's Antique Weapon Shop.
 28736 | Orc:2    | Found Zaraskiz's General Store.
 28741 | Orc:2    | Bought a scroll of identify for 24 gold pieces
 28818 | Orc:2    | Found Eto Mueg's Jewellery Shoppe.
 29015 | Orc:2    | Found a roughly hewn altar of Beogh.
 29048 | Orc:2    | Found Seen's Antique Armour Boutique.
 29053 | Orc:2    | Bought a pair of bloodstained gloves for 218 gold pieces
 29053 | Orc:2    | Identified the +0 pair of gloves of Sunlight {rElec rF++
                  | Will+ rCorr} (You bought it in a shop on level 2 of the
                  | Orcish Mines)
 29069 | Orc:2    | Bought a faintly humming helmet for 218 gold pieces
 29069 | Orc:2    | Identified the +3 helmet of the Ecumenical Temple {-Tele
                  | Harm rF+ Will+} (You bought it in a shop on level 2 of the
                  | Orcish Mines)
 29525 | D:12     | Noticed Josephine
 29529 | D:12     | Killed Josephine
 29608 | D:12     | Killed Jorgrun
 29766 | D:12     | Noticed Kirke
 29769 | D:12     | Killed Kirke
 29770 | D:12     | Reached skill level 23 in Ranged Weapons
 29770 | D:12     | Reached skill level 15 in Dodging
 30424 | D:13     | Noticed Nessos
 30426 | D:13     | Killed Nessos
 30953 | D:13     | Noticed Frances
 30968 | D:13     | Killed Frances
 31419 | D:14     | Reached skill level 24 in Ranged Weapons
 31493 | D:14     | Found a gate to the Vaults.
 31655 | D:14     | Found a shimmering altar of Xom.
 31658 | D:14     | Found a shimmering altar of Xom.
 31839 | D:14     | Found an ancient bone altar of Kikubaaqudgha.
 31994 | D:14     | Reached XP level 17. HP: 113/113 MP: 29/29
 32367 | D:15     | Entered Level 15 of the Dungeon
 32372 | D:15     | Reached skill level 7 in Evocations
 32543 | D:15     | Identified the +9 falchion of Honour {freeze, *Slow +Blink
                  | rC++ Int-4}
 32559 | D:15     | Found a gate leading to a gauntlet.
 32564 | Gauntlet | Entered a Gauntlet
 32564 | Gauntlet | Found a transporter.
 32564 | Gauntlet | Found a transporter.
 32575 | Gauntlet | Found a transporter.
 32607 | Gauntlet | Found a transporter.
 32626 | Gauntlet | Found a transporter.
 32626 | Gauntlet | Found a transporter.
 32656 | Gauntlet | Found a transporter.
 32686 | Gauntlet | Found a transporter.
 32726 | Gauntlet | Found a transporter.
 32734 | Gauntlet | Found a transporter.
 32756 | Gauntlet | Found a transporter.
 32763 | Gauntlet | Found a transporter.
 32847 | Gauntlet | Found a transporter.
 32855 | Gauntlet | Found a transporter.
 32877 | Gauntlet | Found a transporter.
 32884 | Gauntlet | Found a transporter.
 33379 | Gauntlet | Identified the ring "Xieceo Heobe" {Fly Str+3 Int-4 Dex+5}
 33405 | Gauntlet | Reached skill level 9 in Spellcasting
 33467 | Gauntlet | Identified the +3 hat "Luehuh" {rC- Dex+2 Slay+3 SInv}
 33540 | Gauntlet | Identified the +5 double sword of Muem {venom, *Rage rPois
                  | Dex+5 Stlth+}
 33548 | Gauntlet | Found the +27 heavy crossbow "Sniper" {heavy, Acc+∞ SInv}
 33551 | Gauntlet | Identified the staff of Calculation {rN+ Dex+6 Necro Fire}
 33551 | Gauntlet | Identified the +7 falchion of Vuwumase {protect, Will+}
 33551 | Gauntlet | Identified the +1 battleaxe of Feesamil {venom, +Blink
                  | rPois Str+5 Int-2}
 33581 | D:15     | Noticed Agnes
 33583 | D:15     | Killed Agnes
 33667 | D:15     | Reached skill level 8 in Evocations
 33686 | D:15     | Found a staircase to the Depths.
 33833 | D:15     | Found a transporter.
 33874 | D:15     | Found a runed translucent gate.
 33875 | D:15     | Found a runed translucent gate.
 33876 | D:15     | Found a runed translucent gate.
 34038 | D:15     | Found a transporter.
 34042 | D:15     | Found Jiajed's Distillery.
 34046 | D:15     | Bought a potion of heal wounds for 70 gold pieces
 34046 | D:15     | Bought a potion of ambrosia for 112 gold pieces
 34046 | D:15     | Bought a potion of cancellation for 112 gold pieces
 34361 | D:15     | Noticed Viceroy's ghost (journeyman DrSh)
 34811 | D:11     | Reached skill level 16 in Dodging
 34929 | Shoals:1 | Entered Level 1 of the Shoals
 35247 | Shoals:1 | Reached skill level 16 in Fighting
 35712 | Shoals:2 | Reached skill level 9 in Evocations
 35953 | Shoals:2 | Reached XP level 18. HP: 120/120 MP: 31/31
 36167 | Shoals:2 | Reached skill level 10 in Spellcasting
 36506 | Shoals:3 | Identified the +4 quarterstaff of the Hurling Scavenger
                  | {drain, rF++ Int+3}
 36862 | Shoals:3 | Found Cixirch's Assorted Antiques.
 37157 | Shoals:4 | Entered Level 4 of the Shoals
 37368 | Shoals:4 | Found Icvieva's Firing Range.
 37376 | Shoals:4 | Bought a throwing net for 33 gold pieces
 37376 | Shoals:4 | Bought a throwing net for 33 gold pieces
 37463 | Shoals:4 | Reached skill level 10 in Evocations
 37467 | Shoals:4 | Reached skill level 25 in Ranged Weapons
 37946 | Shoals:4 | Reached skill level 17 in Dodging
 38197 | Shoals:4 | Got a barnacled rune of Zot
 38307 | Snake:1  | Entered Level 1 of the Snake Pit
 38613 | Snake:1  | Learned a level 3 spell: Ozocubu's Armour
 38617 | Snake:1  | Learned a level 3 spell: Swiftness
 38629 | Snake:1  | Reached skill level 11 in Spellcasting
 38639 | Snake:1  | Reached skill level 1 in Translocations
 38865 | Snake:1  | You are sucked into a shaft and drop 1 floor!
 38867 | Snake:2  | Reached skill level 17 in Fighting
 38905 | Snake:2  | Reached skill level 2 in Translocations
 38935 | Snake:2  | Reached XP level 19. HP: 128/128 MP: 34/34
 39144 | Snake:1  | Reached skill level 26 in Ranged Weapons
 39599 | Snake:2  | Reached skill level 3 in Translocations
 39959 | Snake:2  | Noticed Donald
 39962 | Snake:2  | Killed Donald
 40777 | Snake:3  | Reached skill level 4 in Translocations
 40822 | Snake:3  | Learned a level 1 spell: Apportation
 41432 | Snake:3  | Noticed Mlioglotl
 41437 | Snake:3  | Killed Mlioglotl
 41438 | Snake:3  | Reached skill level 18 in Dodging
 41709 | Snake:4  | Entered Level 4 of the Snake Pit
 41709 | Snake:4  | Noticed Vashnia
 41771 | Snake:4  | Found Atues's Magic Scroll Emporium.
 41784 | Snake:4  | Bought a scroll of teleportation for 48 gold pieces
 41784 | Snake:4  | Bought a scroll of teleportation for 48 gold pieces
 41792 | Snake:4  | Found Budis's Distillery.
 41810 | Snake:4  | Bought a potion of curing for 63 gold pieces
 41810 | Snake:4  | Bought a potion of haste for 210 gold pieces
 41810 | Snake:4  | Bought a potion of heal wounds for 105 gold pieces
 41810 | Snake:4  | Bought a potion of invisibility for 168 gold pieces
 41810 | Snake:4  | Bought a potion of curing for 63 gold pieces
 41836 | Snake:4  | Reached skill level 12 in Spellcasting
 41913 | Snake:4  | Found Raps's Assorted Antiques.
 41918 | Snake:4  | Reached skill level 5 in Translocations
 41924 | Snake:4  | Bought a scroll of enchant armour for 247 gold pieces
 42084 | Snake:4  | Found Nuseschin's Jewellery Emporium.
 42135 | Snake:4  | Identified the +1 halberd "Aubergine" {flame, rF++}
 42294 | Snake:4  | Reached skill level 27 in Ranged Weapons
 42501 | Snake:4  | Identified the serpent talisman "Atiomoh" {rCorr}
 42501 | Snake:4  | Noticed Aizul
 42505 | Snake:4  | Killed Aizul
 42507 | Snake:4  | Reached XP level 20. HP: 114/136 MP: 36/36
 42699 | Snake:4  | Reached skill level 7 in Stealth
 42729 | Snake:4  | Killed Vashnia
 42730 | Snake:4  | Reached skill level 18 in Fighting
 42741 | Snake:4  | Reached skill level 6 in Translocations
 43458 | Snake:4  | Reached skill level 8 in Stealth
 43932 | Snake:4  | Got a serpentine rune of Zot
 44185 | Elf:1    | Entered Level 1 of the Elven Halls
 44606 | Elf:1    | Reached skill level 9 in Stealth
 44622 | Elf:1    | Identified the +10 falchion of the Warrior {elec, rN+ rCorr
                  | Str-3}
 44875 | Elf:1    | Reached skill level 7 in Translocations
 45178 | Elf:1    | Found Xuiruop's Jewellery Boutique.
 45178 | Elf:1    | Found Ziampal's Jewellery Boutique.
 45179 | Elf:1    | Found Niusuymu's Book Shoppe.
 45334 | Elf:2    | Reached skill level 13 in Spellcasting
 45489 | Elf:2    | Reached skill level 19 in Dodging
 45689 | Elf:2    | Found a runed translucent gate.
 45690 | Elf:2    | Found a runed translucent gate.
 45703 | Elf:2    | Reached skill level 10 in Stealth
 45752 | Elf:2    | Noticed Roxanne
 45810 | Elf:2    | Found a runed translucent gate.
 45862 | Elf:3    | Entered Level 3 of the Elven Halls
 45920 | Elf:2    | Reached XP level 21. HP: 142/142 MP: 38/38
 46021 | Elf:2    | Killed Roxanne
 46074 | Elf:3    | Reached skill level 8 in Translocations
 46307 | Elf:3    | Identified the +7 flail "Dailudghu" {freeze, Dex+2}
 46708 | Elf:3    | Found a runed translucent gate.
 46710 | Elf:3    | Found a runed translucent gate.
 46710 | Elf:3    | Found an opulent altar of Gozag.
 46717 | Elf:3    | Found Jooriel's Distillery.
 46722 | Elf:3    | Bought a potion of heal wounds for 60 gold pieces
 46722 | Elf:3    | Bought a potion of cancellation for 96 gold pieces
 46722 | Elf:3    | Bought a potion of curing for 36 gold pieces
 46722 | Elf:3    | Bought a potion of curing for 36 gold pieces
 46749 | Elf:3    | Reached skill level 11 in Stealth
 46821 | Elf:3    | Found a runed translucent gate.
 47211 | Elf:3    | Identified the +6 hand axe "Raic" {flame, SInv}
 47214 | Elf:3    | Reached skill level 19 in Fighting
 47301 | Elf:3    | Identified the +0 chain mail "Rod Qubock" {Str+5}
 47689 | Elf:3    | Identified the amulet of Nuonaij {Regen+ rCorr Str+3}
 47874 | Elf:3    | Identified the +4 broad axe "Qaj Wey" {antimagic, rC+ rCorr
                  | Int+4 Dex+5}
 47878 | Elf:3    | Reached skill level 12 in Stealth
 48214 | Elf:3    | Identified the +1 robe "Maych" {Int+3 Stlth+}
 48336 | Elf:3    | Identified the blade talisman of Foolhardiness {Int+5
                  | Dex-5}
 48412 | Elf:3    | Got the Incunable of Astrapomancy and Attacks
 48464 | Elf:3    | Reached skill level 20 in Dodging
 48740 | Vaults:1 | Entered Level 1 of the Vaults
 48921 | Vaults:1 | Identified the +2 robe of Furer {rCorr Int+8}
 48921 | Vaults:1 | Noticed Boris
 48924 | Vaults:1 | Killed Boris
 49058 | Vaults:1 | Found a large runed translucent door.
 49058 | Vaults:1 | Found a large runed translucent door.
 49132 | Vaults:1 | You are sucked into a shaft and drop 1 floor!
 49265 | Vaults:2 | Reached skill level 20 in Fighting
 49520 | Vaults:2 | Reached XP level 22. HP: 152/152 MP: 39/39
 49725 | Vaults:2 | Reached skill level 21 in Dodging
 50717 | Vaults:1 | Found Umpaom Cexo's Magic Scroll Shop.
 50721 | Vaults:1 | Bought a scroll of blinking for 97 gold pieces
 50721 | Vaults:1 | Bought a scroll of fear for 52 gold pieces
 50721 | Vaults:1 | Bought a scroll of fear for 52 gold pieces
 50721 | Vaults:1 | Bought a scroll of teleportation for 39 gold pieces
 50721 | Vaults:1 | Bought a scroll of teleportation for 39 gold pieces
 50721 | Vaults:1 | Bought a scroll of revelation for 97 gold pieces
 51139 | Vaults:1 | Reached skill level 21 in Fighting
 51289 | Vaults:1 | Found the +8 mithril axe "Arga" {speed, Will+}
 51294 | Vaults:1 | Noticed anansati's ghost (adept DsGl)
 51397 | Vaults:1 | Killed anansati's ghost
 51479 | Vaults:3 | Reached skill level 22 in Dodging
 51594 | Vaults:3 | Found Zuc Dofu's Weapon Emporium.
 52110 | Vaults:3 | Found a staircase to the Crypt.
 52130 | Vaults:3 | Reached XP level 23. HP: 161/161 MP: 40/40
 52447 | Vaults:3 | Acquired 663 gold pieces
 52711 | Vaults:4 | Reached skill level 22 in Fighting
 52735 | Vaults:4 | Reached skill level 23 in Dodging
 53140 | Vaults:4 | Identified the +4 robe of the Saviour {+Blink Archmagi}
 53140 | Vaults:4 | Noticed Boris
 53143 | Vaults:4 | Killed Boris
 53566 | Elf:1    | Bought the ring of Osytzi {rPois Dex+6} for 708 gold pieces
 54693 | Vaults:4 | Found Ecsir's Weapon Emporium.
 55001 | Depths:1 | Entered Level 1 of the Depths
 55049 | Depths:1 | You are sucked into a shaft and drop 1 floor!
 55178 | Depths:2 | Reached skill level 24 in Dodging
 55233 | Depths:2 | Reached skill level 23 in Fighting
 55492 | Depths:2 | Noticed a juggernaut
 55495 | Depths:2 | Killed a juggernaut
 55501 | Depths:2 | Noticed a golden dragon
 55551 | Depths:2 | Killed a golden dragon
 55552 | Depths:2 | Reached XP level 24. HP: 171/171 MP: 40/40
 55874 | Depths:2 | Found a gateway to Hell.
 56072 | Depths:2 | Found a one-way gate leading to the halls of Pandemonium.
 56593 | Depths:1 | Identified the +2 leather armour "Ziydgh" {rPois}
 56615 | Depths:1 | Identified the +12 rapier of Poil {speed, *Rage rPois rF+
                  | Str+4}
 56622 | Depths:1 | Reached skill level 25 in Dodging
 56622 | Depths:1 | Reached XP level 25. HP: 178/178 MP: 40/40
 56741 | Depths:1 | Found a bloodstained altar of Trog.
 57367 | Depths:1 | Found a bloodstained altar of Trog.
 57980 | Depths:3 | Reached skill level 24 in Fighting
 58598 | Depths:3 | Found a glowing silver altar of Zin.
 58598 | Depths:3 | Noticed Mennas
 58600 | Depths:3 | Killed Mennas
 58601 | Depths:3 | Reached skill level 26 in Dodging
 58615 | Depths:3 | Identified the +1 plate armour of Vuquil {Int+3 Dex+4 SInv}
 58622 | Depths:3 | Identified the +9 trident "Hinaawes" {flame, rN+ Will+
                  | Int+3}
 58827 | Depths:3 | Found a one-way gateway to a ziggurat.
 59147 | Depths:3 | Found a one-way gate to the infinite horrors of the Abyss.
 59415 | Depths:4 | Entered Level 4 of the Depths
 59431 | Depths:3 | Reached XP level 26. HP: 152/186 MP: 40/40
 59664 | Depths:4 | Found a runed translucent gate.
 59664 | Depths:4 | Noticed Hulu's ghost (veteran GrEE)
 59665 | Depths:4 | Found a runed translucent gate.
 59666 | Depths:4 | Found a runed translucent gate.
 59738 | Depths:4 | Reached skill level 25 in Fighting
 59806 | Depths:4 | Found a gate to the Realm of Zot.
 60415 | Vaults:5 | Entered Level 5 of the Vaults
 60430 | Vaults:5 | Reached skill level 27 in Dodging
 60534 | Vaults:5 | Identified the +7 halberd of Action {venom, +Blink Will+
                  | Stlth+}
 60570 | Vaults:5 | Reached skill level 26 in Fighting
 60571 | Vaults:5 | Killed a dread lich
 60578 | Vaults:5 | Noticed an ancient lich
 60595 | Vaults:5 | Killed an ancient lich
 60910 | Vaults:5 | Identified the +10 rapier "Ruivvuxt" {drain, rF+ MP-9 Str+4
                  | SInv}
 61047 | Vaults:5 | Got a silver rune of Zot
 61163 | Vaults:5 | Identified the +6 arbalest of the Wraith {freeze, rPois
                  | rN+}
 61226 | Vaults:5 | Identified the staff "Ucuecvaz" {Str+3 Earth}
 61428 | Vaults:5 | Got the Incunable of the Alchemical Congregation
 61681 | Vaults:5 | Acquired 1110 gold pieces
 61702 | Vaults:5 | Identified the +3 chain mail of the Game of Kings {-Tele
                  | Harm Rampage rCorr}
 61777 | Vaults:5 | Identified the amulet of the Present {Faith rElec rCorr
                  | MP-9}
 61822 | Vaults:5 | Identified the +0 ring mail of Marbles {+Blink rF+ Str+5
                  | Slay-5}
 61960 | Vaults:5 | Got Zunoac's Lectures on Friendly Anthracomancy
 63345 | Zot:1    | Entered Level 1 of the Realm of Zot
 63656 | Zot:1    | Reached skill level 27 in Fighting
 63936 | Zot:1    | Reached XP level 27. HP: 199/199 MP: 40/40
 64608 | Zot:2    | Reached skill level 14 in Spellcasting
 65078 | Zot:3    | Noticed a Killer Klown
 65083 | Zot:3    | Killed a Killer Klown
 65107 | Zot:3    | Noticed an orb of fire
 65108 | Zot:3    | Gained mutation: You sometimes lose your temper in combat.
                  | [an orb of fire]
 65108 | Zot:3    | Gained mutation: You occasionally shout uncontrollably at
                  | your foes. [an orb of fire]
 65109 | Zot:3    | Killed an orb of fire
 65110 | Zot:3    | Reached skill level 15 in Spellcasting
 65440 | Zot:5    | Entered Level 5 of the Realm of Zot
 65769 | Zot:5    | Reached skill level 16 in Spellcasting
 66329 | Zot:5    | Reached skill level 17 in Spellcasting
 66610 | Zot:5    | Noticed an ancient lich
 66612 | Zot:5    | Got Qoosh's Anthology of the Generated Autopsy
 66615 | Zot:5    | Noticed a Killer Klown
 66616 | Zot:5    | Noticed an orb of fire
 66617 | Zot:5    | Noticed an orb of fire
 66684 | Zot:5    | Noticed an orb of fire
 66695 | Zot:5    | Noticed an orb of fire
 66695 | Zot:5    | Killed a Killer Klown
 66699 | Zot:5    | Gained mutation: You occasionally lose the ability to drink
                  | potions when taking damage. [an orb of fire]
 66700 | Zot:5    | Killed an orb of fire
 66701 | Zot:5    | Killed an orb of fire
 66719 | Zot:5    | Reached skill level 18 in Spellcasting
 66993 | Zot:5    | Noticed an orb of fire
 66997 | Zot:5    | Killed an orb of fire
 67351 | Zot:5    | Noticed an orb of fire
 67354 | Zot:5    | Killed an orb of fire
 68196 | Zot:5    | Noticed a Killer Klown
 68200 | Zot:5    | Killed a Killer Klown
 68201 | Zot:5    | Reached skill level 19 in Spellcasting
 68215 | Zot:5    | Noticed an ancient lich
 68218 | Zot:5    | Killed an ancient lich
 68533 | Zot:5    | Got the Orb of Zot
 68537 | Zot:5    | Noticed Savura Gemu the pandemonium lord
 68537 | Zot:5    | Noticed a Killer Klown
 68553 | Zot:5    | Killed a Killer Klown
 69107 | D:$      | Escaped with the Orb!

Illustrated notes

Levels and vault maps discovered:
D:1:      minmay_arrival_radiant_lines, layout_loops_ring
D:2:      layout_rooms, serial_co_window_serial, co_window_corner_a,
          co_window_corner_a, co_window_corner_a, co_window_of_opportunity_a,
          co_window_paths_b, co_window_corner_b, co_window_corner_b,
          co_window_corner_ca, co_window_of_opportunity_c, co_window_corner_b,
          co_window_of_opportunity_c, co_window_paths_c, co_window_sun,
          co_window_paths_e, glass_columns_a, basic_altar,
          grunt_decor_resistance
D:3:      layout_rooms, ebering_ghost_rock_garden, saegor_snake_ambush,
          uniq_jessica, uniq_sigmund
D:4:      layout_loops_corners, nemelex_xobeh_ov_fountains_minmay,
          mainiacjoe_overflow_swirl
D:5:      layout_basic, temple_green, serial_library_hellmonk_open_square,
          minmay_shop_grid_forest
D:6:      layout_cave_pods, nicolae_shop_sticking_my_neck_out, uniq_jeremiah
D:7:      corexii_shack_village, layout_loops_ring,
          mainiacjoe_overflow_alcove_4, minmay_mini_ossuary
D:8:      layout_loops_ring, uniq_prince_ribbit1, uniq_pikel
D:9:      layout_roguey, enter_bailey_6, minmay_misc_feat_hallway
D:10:     lemuel_bear_cage, layout_irregular_city, dpeg_oklobed_lair,
          erik_orc_1, serial_shops, shop, kennysheep_generic_room_6, uniq_maggie
D:11:     layout_roguey, serial_shops, nicolae_shop_gibbet_a_chance, shop,
          wad_hexagon
D:12:     layout_loops_ring, serial_library_hellmonk_hallway_b, uniq_josephine,
          uniq_jorgrun, uniq_kirke
D:13:     layout_loops_cross, uniq_frances, uniq_nessos
D:14:     layout_basic, erik_vaults_2, serial_bayou, serial_bayou_pond_b,
          serial_bayou_pond_e, serial_bayou_lagoon_a, serial_bayou_crossing,
          serial_bayou_lake_a, xom_redecorated,
          nicolae_kikubaaqudgha_miasma_corner
D:15:     gammafunk_depths_entry_grave, layout_loops_cross,
          gauntlet_entry_generic, serial_shops, nicolae_shop_drivethru,
          gammafunk_ghost_icy, corexii_corridor_pit, uniq_agnes
Lair:1:   layout_cave_pods, beast_lair_carwin_11
Lair:2:   layout_long_grid, mainiacjoe_shoals_entry_four_pools,
          minmay_snake_entry_guardpost_small, grunt_megastairs_3, uniq_gastronok
Lair:3:   cheibrodos_lair_river_kwai, layout_long_grid, wad_woods_river_01,
          uniq_amaemon
Lair:4:   layout_gridlike, nicolae_volcano_entry_lava_flow
Lair:5:   cheibrodos_lair_end_hotspot, layout_hall_layers, slime_entry_1,
          serial_bayou, serial_bayou_ford_a, serial_bayou_pond_b,
          serial_bayou_pond_b, st_stairs_12
Shoals:1: layout_shoals
Shoals:2: layout_shoals
Shoals:3: layout_shoals, serial_shops, shop, nicolae_island_escapes
Shoals:4: shoals_end_simple, layout_shoals, nicolae_shop_firing_range
Snake:1:  cheibrodos_snake_ritualist_ritual, layout_misc_corridors, st_stairs_1
Snake:2:  layout_chambers, uniq_donald
Snake:3:  nicolae_snake_hallway, layout_layer_cave,
          nrook_guardian_serpent_ordinary, uniq_mlioglotl
Snake:4:  snake_hunt, layout_misc_corridors, serial_shops,
          nicolae_shop_industrial_runoff, nicolae_shop_hallway_stairs,
          nicolae_shop_stone, shop, serial_library_hellmonk_double_dead_end,
          uniq_vashnia, uniq_aizul
Orc:1:    layout_caves, portal_ice_cave_entry_pillars_2,
          nicolae_shop_overcharged_wands, uniq_snorg
Orc:2:    grunt_orc_gardens, layout_diamond_mine, grunt_orc_garden,
          grunt_orc_garden, grunt_orc_garden, grunt_orc_garden,
          nicolae_orc_seminary
Elf:1:    elf_arrival_002, layout_gridlike, nicolae_elf_shapeshifter_party,
          minmay_shop_grove
Elf:2:    elven_hall_of_blades_hangedman_original
          [nicolae_blade_entry_sentries_behind_glass], layout_rooms,
          billiards_dpeg, uniq_roxanne
Elf:3:    minmay_elf_hall_not_hex, layout_onion_city, serial_shops,
          nicolae_square_shop, ebering_ghost_gozag, nicolae_zig_zag_zippers
Vaults:1: ebering_ghost_disaster_area, vaults_room_pools,
          vaults_dpeg_encased_lava, nicolae_vaults_offset_grid_hallway_2,
          nicolae_vaults_angled_halls, nicolae_vaults_closet_pinwheel_4,
          nicolae_vaults_network_square, ontoclasm_vaults_twist,
          hangedman_vaults_unwind, vaults_mumra_hex, hangedman_vaults_cutoff,
          ontoclasm_vaults_fault, nicolae_vaults_little_guard_posts,
          layout_vaults_omnicross, serial_shops, nicolae_shop_back_alley_shop,
          uniq_boris
Vaults:2: nicolae_vaults_oval_intersection, grunt_vaults_hallway_long,
          nicolae_vaults_hexular_roomagon, nicolae_vaults_six-pack,
          nicolae_vaults_storage_closets_2, nicolae_vaults_storage_closets_1,
          vaults_room_pool, nicolae_vaults_tetromino_T_1, grunt_vaults_diagonal,
          vaults_room_semicircle, vaults_dpeg_diagonal,
          nicolae_vaults_surprise_closet_hard, layout_vaults_omnigrid
Vaults:3: nicolae_vaults_house_1, nicolae_vaults_apartment_1, v_pattern_5,
          nicolae_vaults_wine_cellar, nicolae_vaults_little_squares_5,
          nicolae_vaults_variable_pillar_hall_cross, v_misc_27,
          nicolae_vaults_rhombus_6, nicolae_vaults_tetromino_T_1,
          vaults_mumra_minichess, v_misc_18, layout_vaults_big_room,
          serial_shops, nicolae_shop_tiny_waterfront
Vaults:4: nicolae_vaults_layer_cake_slice, v_misc_4,
          nicolae_vaults_specimen_jars, v_misc_26,
          nicolae_vaults_little_squares_3, hangedman_vaults_cutoff,
          nicolae_vaults_trapezoid_lopsided_1, st_smaller_cells,
          ontoclasm_vaults_spin, nicolae_vaults_big_angled_halls,
          nicolae_vaults_sesquioval_fish, nicolae_vaults_doubleplus_tesselated,
          nicolae_vaults_little_squares_6, layout_vaults_omnibox, serial_shops,
          shop
Vaults:5
Depths:1: layout_gridville, grunt_hell_entry_demonic_statue, dk_noncrumbling_3,
          bloody_trog
Depths:2: minmay_octo_star, layout_gridville, hell_entry, pan_entry,
          chequers_serial_rivers_room_a
Depths:3: evilmike_silver_temple, layout_gridlike, enter_ziggurat_f,
          nicolae_abyss_entry_one_way_or_another, grunt_hell_entry_dis_mu,
          nrook_mini_backslash
Depths:4: evilmike_zot_entry_basic, layout_cross, abyss_entry,
          bh_walls_and_bars, biasface_ghost_demon_polymorph, hell_entry
Zot:1:    layout_misc_corridors, regret_index_zotdec_onion_hex
Zot:2:    grunt_zot_stairs_faceoff, layout_basic
Zot:3:    grunt_zot_stairs_mandelzot, layout_gridlike
Zot:4:    layout_cellular_growth, hangedman_zot_decor_slant,
          nicolae_transporter_circle, lemuel_elevator
Zot:5:    layout_twisted_circle, st_stairs_7

Skill      XL: |  1  2  3  4  5  6  7  8  9 10 11 12 13 14 15 16 17 18 19 20 21 22 23 24 25 26 27 |
---------------+----------------------------------------------------------------------------------+-----
Stealth        | 2 3 5 6 10 12 | 12.0
Ranged Weapons | 6 7 9 10 12 14 15 17 19 21 22 24 25 27 | 27.0
Evocations     | 1 3 4 6 9 10 | 10.0
Fighting       | 3 4 5 7 8 10 12 13 14 15 16 17 18 20 21 23 24 27 | 27.0
Dodging        | 4 6 8 10 12 14 15 16 17 18 19 20 22 24 25 26 27 | 27.0
Spellcasting   | 7 8 9 11 12 13 19 | 19.7
Armour         | 4 |  4.0
Translocations | 2 5 7 8 |  8.0

Action                     |  1- 3 |  4- 6 |  7- 9 | 10-12 | 13-15 | 16-18 | 19-21 | 22-24 | 25-27 || total
---------------------------+-------+-------+-------+-------+-------+-------+-------+-------+-------++-------
   Fire: Shortbow          |    76 |   102 |   231 |    42 |       |       |       |       |       ||   451
         Triple crossbow   |       |       |    73 |   390 |   695 |   403 |       |       |       ||  1561
         Orcbow            |       |       |       |    22 |       |       |       |       |       ||    22
         Heavy crossbow    |       |       |       |       |       |   263 |   514 |   416 |   510 ||  1703
  Throw: Dart              |       |     5 |       |     5 |       |       |       |       |       ||    10
   Cast: Apportation       |       |       |       |       |       |       |     1 |       |    20 ||    21
 Invoke: Bribe Branch      |       |       |       |       |       |       |       |       |     2 ||     2
  Evoke: Wand              |       |     7 |     1 |    14 |     4 |     2 |     2 |       |     1 ||    31
         Condenser vane    |       |       |       |       |       |     1 |       |     1 |       ||     2
    Use: Potion            |     1 |     1 |     3 |     1 |       |       |       |     1 |     9 ||    16
         Scroll            |     2 |     1 |    10 |     4 |    13 |     9 |     4 |     2 |    16 ||    61
 Armour: Leather armour    |    14 |    23 |    45 |    57 |   167 |   107 |    55 |    35 |       ||   503
         Robe              |       |       |    36 |    33 |    27 |    13 |       |    17 |    77 ||   203
  Dodge: Dodged            |    38 |    45 |   149 |   284 |   581 |   409 |   166 |   348 |   384 ||  2404
         Repelled          |       |     1 |       |     4 |    16 |    18 |    64 |    17 |    78 ||   198
  Block: Other             |       |    15 |    41 |    68 |       |       |       |       |       ||   124
         Reflection        |       |       |     1 |     3 |       |       |       |       |       ||     4

Table legend: (Time is in decaauts)
 A = Elapsed time spent in this place.
 B = Non-inter-level travel time spent in this place.
 C = Inter-level travel time spent in this place.
 D = Time resting spent in this place.
 E = Time spent auto-exploring this place.
 F = Levels seen in this place.
 G = Mean time per level.
                   A        B        C        D        E       F      G
               +--------+--------+--------+--------+--------+-----+--------+
         Total |  74313 |  68607 |   5706 |  13688 |  44049 |  51 | 1457.1 |
       Dungeon |  22401 |  19467 |   2934 |   2396 |  14107 |  15 | 1493.4 |
          Lair |   8744 |   8214 |    530 |    743 |   6091 |   5 | 1748.8 |
        Shoals |   3759 |   3621 |    138 |    205 |   2927 |   4 |  939.8 |
     Snake Pit |   6192 |   5908 |    284 |   1194 |   3817 |   4 | 1548.0 |
  Orcish Mines |   2078 |   1865 |    213 |    392 |   1056 |   2 | 1039.0 |
   Elven Halls |   4878 |   4551 |    327 |   1429 |   2495 |   3 | 1626.0 |
        Vaults |   9545 |   8885 |    660 |    494 |   7053 |   5 | 1909.0 |
        Depths |   6189 |   5814 |    375 |    435 |   4532 |   4 | 1547.2 |
           Zot |   5390 |   5148 |    242 |   4020 |    385 |   5 | 1078.0 |
        Bailey |   2077 |   2077 |      0 |   1551 |    214 |   1 | 2077.0 |
      Ice Cave |    827 |    827 |      0 |     87 |    482 |   1 |  827.0 |
       Volcano |   1164 |   1164 |      0 |    540 |    339 |   1 | 1164.0 |
      Gauntlet |   1065 |   1065 |      0 |    200 |    546 |   1 | 1065.0 |
               +--------+--------+--------+--------+--------+-----+--------+

Top non-repeatable levels by time:
   Zot:5: 3232 daAuts
     D:6: 3021 daAuts
Vaults:5: 2978 daAuts
   Elf:3: 2721 daAuts
  Lair:5: 2447 daAuts
 Snake:4: 2427 daAuts
  Lair:2: 2220 daAuts
    D:10: 2121 daAuts
  Bailey: 2077 daAuts
Depths:1: 2039 daAuts
Vaults:1: 1737 daAuts
Depths:3: 1733 daAuts
 Snake:2: 1726 daAuts
    D:14: 1721 daAuts
     D:5: 1721 daAuts

Table legend:
 A = Kills in this place as a percentage of kills in the entire game.
 B = Kills by you in this place as a percentage of kills by you in the entire game.
 C = Kills by friends in this place as a percentage of kills by friends in the entire game.
 D = Other kills in this place as a percentage of other kills in the entire game.
 E = Experience gained in this place as a percentage of experience gained in the entire game.
 F = Experience gained in this place divided by the number of levels of this place that you have seen.
                   A       B       C       D       E      F
               +-------+-------+-------+-------+-------+----------------------
         Total | 100.0 | 100.0 | 100.0 | 100.0 | 100.0 | 21876.4
       Dungeon |  20.9 |  21.1 |   0.0 |   0.0 |   8.0 | 5915.8
          Lair |  10.2 |  10.3 |   0.0 |   0.0 |   5.3 | 11717.0
        Shoals |   6.1 |   6.2 |   0.0 |   0.0 |   5.3 | 14756.5
     Snake Pit |  11.9 |  12.0 |   0.0 |   0.0 |  11.1 | 30855.0
  Orcish Mines |   5.2 |   5.3 |   0.0 |   0.0 |   1.7 | 9261.5
   Elven Halls |   6.8 |   6.8 |   0.0 |   0.0 |   8.3 | 30735.0
        Vaults |  16.7 |  16.2 |  56.2 | 100.0 |  24.9 | 55624.4
        Depths |  10.2 |  10.3 |   0.0 |   0.0 |  16.2 | 45216.8
           Zot |   6.7 |   6.4 |  43.8 |   0.0 |  17.0 | 37881.4
        Bailey |   1.6 |   1.6 |   0.0 |   0.0 |   0.2 | 1782.0
      Ice Cave |   1.8 |   1.8 |   0.0 |   0.0 |   1.1 | 12759.0
       Volcano |   1.4 |   1.4 |   0.0 |   0.0 |   0.8 | 8407.0
      Gauntlet |   0.6 |   0.6 |   0.0 |   0.0 |   0.3 | 3858.0
               +-------+-------+-------+-------+-------+----------------------
